AoeStats
← aggromouse

Arabia

508340190Analyzed
1v1 RM · 9d ago on Sep 22, 2026· 38m 13s· 2 players
Game mode
Random Map
Map size
Tiny (2 player)
Population
200
Speed
Normal
Resources
Standard
Victory
Conquest
Starting age
Dark Age
Ending age
Imperial Age
RankedLock teamsTeams togetherTeam positionsShared explorationLock speedFull tech treeHidden civsTurbo modeCheats
Victory
Defeat
🇺🇸 Lithuanians · United States
1160
+14
🇨🇦 Persians · Canada
1118
-14
CaptainRedhair
6:15 Loom
8:56 Feudal Age
10:38 Double-Bit Axe
10:35 Man-at-Arms
21:22 Castle Age
21:13 Light Cavalry
25:01 Scale Barding Armor
25:28 Bloodlines
26:56 Husbandry
29:18 Wheelbarrow
29:57 Forging
31:57 Chain Barding Armor
32:43 Horse Collar
33:36 Heavy Plow
35:50 Iron Casting
aggromouse
6:07 Loom
8:51 Feudal Age
9:26 Double-Bit Axe
9:32 Horse Collar
17:49 Wheelbarrow
21:06 Castle Age
20:37 Bloodlines
20:30 Gold Mining
21:03 Forging
22:02 Scale Barding Armor
22:30 Bow Saw
24:01 Chain Barding Armor
27:06 Heavy Plow
27:56 Iron Casting
29:17 Husbandry
29:57 Sanctity
30:25 Hand Cart
29:56 Town Watch
30:05 Town Watch
31:55 Devotion
33:43 Fervor
33:42 Pikeman
34:23 Squires
37:11 Scale Mail Armor
Connection lost

Rejoining the realm…

Still unreachable

The connection could not be restored.

Session expired

The server has moved on; the page needs a fresh start.